 Dungeon Crawl Stone Soup version 0.29-a0-838-g385bb11a5b (webtiles) character file.

Game seed: 5582553880722073391

49 gruber the Conjurer (level 3, -2/19 HPs)
             Began as a Tengu Conjurer on July 13, 2022.
             Slain by an orc priest
             ... wielding a +0 whip
              (4 damage)
             ... on level 2 of the Dungeon.
             The game lasted 00:01:19 (2373 turns).

gruber the Conjurer (Tengu Conjurer)                Turns: 2373, Time: 00:01:19

Health: -2/19      AC:  2    Str:  7    XL:     3   Next: 75%
Magic:  2/7        EV: 12    Int: 20    God:
Gold:   115        SH:  0    Dex: 12    Spells: 3/6 levels left

rFire   . . .      SeeInvis .   c - +0 sling
rCold   . . .      Faith    .   (no shield)
rNeg    . . .      Spirit   .   a - +0 robe
rPois   .          Reflect  .   (helmet restricted)
rElec   .          Harm     .   (no cloak)
rCorr   .          Rampage  .   (no gloves)
Will    .....                   (boots unavailable)
Stlth   ++........              (no amulet)
HPRegen 0.06/turn               (no ring)
MPRegen 0.10/turn               (no ring)

@: no status effects
A: beak, talons 3
a: no special abilities


You were on level 2 of the Dungeon.
You visited 1 branch of the dungeon, and saw 3 of its levels.

You collected 115 gold pieces.

Inventory:

Hand Weapons
 c - a +0 sling (weapon)
Armour
 a - a +0 robe (worn)
Jewellery
 j - a +6 ring of dexterity
 m - a ring of wizardry
Scrolls
 f - a scroll of magic mapping {unknown}
 h - 2 scrolls of immolation {unknown}
 l - a scroll of amnesia {unknown}
Potions
 b - a potion of magic
 d - a potion of heal wounds {unknown}
 e - 2 potions of lignification {unknown}
 g - 3 potions of might {unknown}
 i - a potion of attraction {unknown}
 k - a potion of brilliance {unknown}
 n - a potion of ambrosia {unknown}


   Skills:
 - Level 2.1 Dodging
 - Level 2.0 Stealth
 + Level 2.3 Spellcasting
 + Level 6.8 Conjurations


You had 3 spell levels left.
You knew the following spells:

 Your Spells              Type           Power      Damage    Failure   Level
a - Magic Dart            Conj           100%       1d8       1%          1
b - Searing Ray           Conj           58%        2d6       1%          2

Your spell library contained the following spells:

 Spells                   Type           Power      Damage    Failure   Level
 Dazzling Flash           Conj/Hex       30%        N/A       12%         3
 Fulminant Prism          Conj/Hex       7%         3d7       36%         4
 Iskenderun's Mystic Bla  Conj/Tloc      15%        2d5       36%         4


Dungeon Overview and Level Annotations

Branches:
Dungeon (3/15)

Altars:

Annotations:
D:2 1 runed translucent door, Crazy Yiuf
D:3 1 runed translucent door, Subbak's ghost, amateur BaIE


Innate Abilities, Weirdness & Mutations

You have a beak for a mouth.
You have claws for feet.


Message History

Level annotation: 1 runed translucent door, Crazy Yiuf
There is a stone staircase leading down here.
You start resting.
Magic restored.
Memorise Searing Ray, consuming 2 spell levels and leaving 3?
You start memorising the spell.
You continue memorising. x2
You finish memorising.
Spell assigned to 'b'.
You start resting.
HP restored.
You climb downwards.
Level annotation: 1 runed translucent door, Subbak's ghost, amateur BaIE
There is a stone staircase leading up here.
The orc priest barely misses you.
You climb upwards.
Level annotation: 1 runed translucent door, Crazy Yiuf
There is a stone staircase leading down here.
Casting: Magic Dart (safe; 1% risk of failure)
Confirm with . or Enter, or press ? or * to list all spells.
Aiming: Searing Ray (safe; 1% risk of failure)
Press: ? - help, Shift-Dir - straight line, f - orc priest
Aim: an orc priest, wielding a +0 whip and wearing a +0 ring mail (82% to hit)
The searing ray hits the orc priest.
The orc priest is heavily wounded. (Press . to maintain the ray.)
The orc priest hits you with a +0 whip.
The searing ray hits the orc priest.
The orc priest is severely wounded.
The orc priest invokes the aid of Beogh against you.
Beogh smites you!
Ouch! That really hurt!
* * * LOW HITPOINT WARNING * * *
The searing ray hits the orc priest but does no damage.
The orc priest is severely wounded.
The orc priest hits you with a +0 whip.
* * * LOW HITPOINT WARNING * * *
The searing ray hits the orc priest.
The orc priest is almost dead.
You finish channelling your searing ray.
The orc priest hits you with a +0 whip.
You die...

.................#............# ♣
......####.<.........###......#
......# #.#..........###.....#
...#+#####.#..........##......#
....................#.##......#
......#..........####.##......#
......#..........####.##......#
......................#.....###
................@.....#...#####
...............o..............###
.......[....#....##.............#
......†..##########†.............
..................'........######
..............#####..............
......#.......##...#...........##
......#.......##...#.>.........#
......+..<....##...#...........##


You could see an orc priest.

Vanquished Creatures
  2 worms
  2 orcs
  6 endoplasms
  A giant cockroach (D:1)
  2 goblins
  3 hobgoblins (D:1)
  2 kobolds (D:3)
  2 quokkas
  5 ball pythons
  5 bats
  3 frilled lizards
  5 rats
38 creatures vanquished.

Vanquished Creatures (others)
  A plant (D:3)
1 creature vanquished.

Grand Total: 39 creatures vanquished

Notes
Turn   | Place    | Note
-------+----------+-------------------------------------------
     0 | D:1      | gruber the Tengu Conjurer began the quest for the Orb.
     0 | D:1      | Reached XP level 1. HP: 10/10 MP: 4/4
   183 | D:1      | Reached XP level 2. HP: 15/15 MP: 4/6
   507 | D:1      | Reached skill level 6 in Conjurations
   775 | D:1      | Found a faded altar of an unknown god.
  1071 | D:2      | Reached XP level 3. HP: 19/19 MP: 4/7
  1762 | D:2      | Found a runed translucent door.
  1763 | D:2      | Noticed Crazy Yiuf
  2154 | D:3      | Found a runed translucent door.
  2154 | D:3      | Noticed Subbak's ghost (amateur BaIE)
  2227 | D:2      | Learned a level 2 spell: Searing Ray
  2373 | D:2      | Slain by an orc priest

Illustrated notes

Levels and vault maps discovered:
D:1:      kennysheep_arrival_forest, layout_loops_ring,
          chequers_ecumenical_altar_grove, kennysheep_flooded_box
D:2:      layout_basic, uniq_crazy_yiuf_cottage
D:3:      layout_basic, hellmonk_ghost_happy_afterlife, serial_bayou_ford_a

Skill      XL: |  1  2 |
---------------+-------+-----
Conjurations   | 6 |  6.8
Dodging        | |  2.1
Stealth        | |  2.0
Spellcasting   | |  2.3

Action                   || total
-------------------------++-------
 Fire: Sling             ||     9
 Cast: Magic Dart        ||    71
       Searing Ray       ||     1
Dodge: Dodged            ||     3

Table legend: (Time is in decaauts)
 A = Elapsed time spent in this place.
 B = Non-inter-level travel time spent in this place.
 C = Inter-level travel time spent in this place.
 D = Time resting spent in this place.
 E = Time spent auto-exploring this place.
 F = Levels seen in this place.
 G = Mean time per level.
                   A        B        C        D        E       F      G
               +--------+--------+--------+--------+--------+-----+--------+
         Total |   2377 |   2329 |     48 |    195 |   1925 |   3 |  792.3 |
       Dungeon |   2377 |   2329 |     48 |    195 |   1925 |   3 |  792.3 |
               +--------+--------+--------+--------+--------+-----+--------+

Top non-repeatable levels by time:
     D:2: 1153 daAuts
     D:1: 978 daAuts
     D:3: 245 daAuts
